Saguenéens vs Atomiques

Created - December 19, 2017 at 19:03

Goals
1 2 3 T
Saguenéens 1 1 0 2
Atomiques 0 4 2 6
Shots
1 2 3 T
Saguenéens 12 15 8 35
Atomiques 9 20 11 40

1st period

1. Saguenéens , Spencer Machacek 15 (Juraj Mikus 26, Carl Hagelin 15) at 4:30

Penalties :
Dwight King (STB) for Hooking (Minor) at 13:43

2nd period

2. Atomiques , Brett Sutter 11 (Steve McCarthy 11, Davis Drewiske 10) at 1:40
3. Saguenéens , Carl Hagelin 11 (Juraj Mikus 27, Spencer Machacek 15) at 7:40
4. Atomiques , Corey Tropp 11 (Dwight King 10, Davis Drewiske 11) at 11:52
5. Atomiques , Dwight King 11 (Davis Drewiske 12) at 19:10
6. Atomiques , Davis Drewiske 1 (Marc-André Cliche 14, Sergei Bobrovsky) at 19:44 (PP)

Penalties :
Dwight King (STB) for Charging (Minor) at 14:25, Zac Rinaldo (Chi) for Tripping (Minor) at 19:13

3rd period

7. Atomiques , Steve McCarthy 4 (Ryan Shannon 14, Tyler Brenner 22) at 6:25 (PP)
8. Atomiques , Brock McGinn 5 (Steve McCarthy 12, Davis Drewiske 13) at 16:38

Penalties :
Carl Hagelin (Chi) for Cross-checking (Minor) at 5:57, Tanner Richard (Chi) for Holding (Minor) at 8:47, Dalton Prout (Chi) for Hooking (Minor) at 12:16, Nick Mattson (Chi) for Holding (Minor) at 18:22

Goalie Stats

Mike Smith (Chi), 34 saves from 40 shots - (0.850), L, 20-6-0, 60:00 minutes
Sergei Bobrovsky (STB), 33 saves from 35 shots - (0.943), W, 15-3-1, 60:00 minutes

Players Stats for Saguenéens

Player Name              G  A  P  +/- PIM S  H  SB GA TA FO     MP     PP MP  PK MP  
------------------------------------------------------------------------------------
Brody Sutter             0  0  0   0  0   0  0  0  0  0  0/0     0:05   0:05   0:00 
Carl Hagelin             1  1  2   1  2   1  1  0  1  0  0/0    14:40   1:17   0:00 
Carson Mcmillan          0  0  0  -3  0   6  0  1  2  1  3/8    24:27   2:41   4:03 
Craig Cunningham         0  0  0   0  0   5  1  0  1  0  0/0    12:09   0:00   1:07 
Dalton Prout             0  0  0  -3  2   2  0  5  0  0  0/0    29:08   0:30   2:55 
Henrik Samuelsson        0  0  0   0  0   0  0  0  0  0  0/0     7:36   0:00   0:33 
Jake McCabe              0  0  0  -2  0   3  2  1  1  1  0/0    26:24   0:30   4:53 
Jerry D'Amigo            0  0  0   0  0   1  0  0  0  0  0/0     7:03   0:00   0:00 
Juraj Mikus              0  2  2   1  0   2  1  1  0  0  4/13   14:41   1:17   0:00 
Mason Raymond            0  0  0  -3  0   4  0  5  1  0  0/1    24:27   2:41   4:03 
Mikhail Grigorenko       0  0  0   0  0   0  0  0  0  0  0/0     3:04   0:37   0:33 
Nicholas Walters         0  0  0  -1  0   1  0  1  0  1  0/0    13:57   0:37   1:12 
Nick Mattson             0  0  0   1  2   0  0  1  0  1  0/0    25:09   2:51   1:08 
Patrick Sieloff          0  0  0   1  0   1  3  4  0  0  0/0    21:59   2:51   1:54 
Rhett Rakhshani          0  0  0   0  0   1  0  1  0  1  1/2    12:09   0:00   1:07 
Spencer Machacek         1  1  2   1  0   3  3  1  0  0  0/1    16:21   1:17   1:24 
Tanner Richard           0  0  0   0  2   1  1  0  0  0  1/7    11:01   0:00   0:00 
Teemu Pulkkinen          0  0  0   0  0   3  0  0  0  0  1/1     7:03   0:00   0:00 
Zac Rinaldo              0  0  0  -3  2   1  2  0  0  0  24/36  21:58   2:36   1:24 

Players Stats for Atomiques

Player Name              G  A  P  +/- PIM S  H  SB GA TA FO     MP     PP MP  PK MP  
------------------------------------------------------------------------------------
Andrew Kozek             0  0  0   0  0   0  2  0  1  0  0/1    11:22   0:00   1:15 
Anthony Nigro            0  0  0   1  0   1  0  0  0  0  0/2     7:21   0:00   0:00 
Bobby Farnham            0  0  0   0  0   1  0  0  0  0  0/0    10:07   0:00   0:00 
Brett Sutter             1  0  1   0  0   3  1  0  0  0  4/7    11:16   0:00   1:09 
Brock McGinn             1  0  1   1  0   4  0  1  0  0  0/0     7:21   0:00   0:00 
Colby Cohen              0  0  0  -1  0   0  1  1  0  0  0/0     9:55   0:00   0:00 
Corey Tropp              1  0  1   1  0   7  2  0  0  1  0/0    18:03   2:29   0:00 
Darren Kramer            0  0  0   0  0   0  0  0  0  0  0/0     1:18   0:12   0:27 
Davis Drewiske           1  4  5   3  0   2  2  0  0  0  0/0    26:46   3:54   2:35 
Dwight King              1  1  2   1  4   5  1  1  2  0  1/2    18:24   2:29   0:00 
Eric Gustafsson          0  0  0   0  0   0  0  0  0  1  0/0     4:36   0:00   0:00 
Eric Mestery             0  0  0   0  0   1  0  0  0  0  0/0     4:36   0:00   0:00 
Fredrik Claesson         0  0  0   0  0   0  0  0  0  0  0/0     0:45   0:00   0:45 
John Draeger             0  0  0   0  0   0  0  0  0  0  0/0     0:00   0:00   0:00 
Jonas Junland            0  0  0   0  0   0  1  3  0  1  0/0    17:58   2:40   0:38 
Joseph Cramarossa        0  0  0   0  0   0  0  0  0  0  0/0     1:42   0:00   1:19 
Kenndal McArdle          0  0  0   0  0   1  2  1  0  0  2/3    21:00   3:53   1:20 
Kyle Wharton             0  0  0   0  0   2  2  3  1  2  0/0    17:58   2:40   0:38 
Marc-André Cliche        0  1  1   1  0   2  2  0  0  0  10/18  18:03   2:29   0:00 
Mike Halmo               0  0  0   0  0   0  0  0  0  0  0/0     0:43   0:00   0:43 
Mitch Callahan           0  0  0   1  0   0  0  0  0  0  0/1     7:21   0:00   0:00 
Ryan Shannon             0  1  1   0  0   3  3  0  0  0  0/0    20:31   4:05   0:23 
Shayne Gostisbehere      0  0  0  -1  0   0  0  2  0  0  0/0    10:40   0:00   0:45 
Steve McCarthy           1  2  3   3  0   5  3  1  0  1  0/0    26:46   3:54   2:35 
Tyler Brenner            0  1  1   0  0   3  2  1  1  0  18/35  21:28   4:05   1:20 

3 Stars

1 - Davis Drewiske (STB)
2 - Steve McCarthy (STB)
3 - Spencer Machacek (Chi)

Power Play

Saguenéens - 0 on 2 Attempt(s) - 0.00%
Atomiques - 2 on 5 Attempt(s) - 40.00%

Penalty Kill

Saguenéens - 3 on 5 Attempt(s) - 60.00% - Score 0 goal in Penalty Kill
Atomiques - 2 on 2 Attempt(s) - 100.00% - Score 0 goal in Penalty Kill

Team Stat

Saguenéens - Hits : 14 - Faceoff Wins : 34 - Blocked Shots : 21 - Penalty Minutes : 10
Atomiques - Hits : 24 - Faceoff Wins : 35 - Blocked Shots : 14 - Penalty Minutes : 4

Official

Referees : Banfield David and Fraser Kerry
Linesman : Vaughan Rody and Mark Wheler

Game Notes

No Game Note

Finance

Level 1 -- Attendance: 1585 (79.25%) -- Ticket Income $63,400
Level 2 -- Attendance: 715 (71.50%) -- Ticket Income $14,300
Total Attendance: 2300 (76.67%)
Total Ticket Income: $77,700
Other Income: $3,885
Total Income: $81,585

Saguenéens

5 vs 5 Forward 
   Center                   Left Wing                Right Wing               Time % Phy DF OF 
 1 Zac Rinaldo              Mason Raymond            Carson Mcmillan          40     1   2  2  
 2 Juraj Mikus              Carl Hagelin             Spencer Machacek         30     1   2  2  
 3 Tanner Richard           Craig Cunningham         Rhett Rakhshani          20     1   2  2  
 4 Henrik Samuelsson        Teemu Pulkkinen          Jerry D'Amigo            10     1   2  2  

5 vs 5 Defense 
   Defense                  Defense                                           Time % Phy DF OF 
 1 Dalton Prout             Jake McCabe                                       40     1   2  2  
 2 Nick Mattson             Patrick Sieloff                                   30     1   2  2  
 3 Nicholas Walters         Dalton Prout                                      20     1   2  2  
 4 Jake McCabe              Nick Mattson                                      10     1   2  2  

PowerPlay Forward 
   Center                   Left Wing                Right Wing               Time % Phy DF OF 
 1 Zac Rinaldo              Mason Raymond            Carson Mcmillan          60     1   2  2  
 2 Juraj Mikus              Carl Hagelin             Spencer Machacek         40     1   2  2  

PowerPlay Defense
   Defense                  Defense                                           Time % Phy DF OF 
 1 Dalton Prout             Jake McCabe                                       60     1   2  2  
 2 Nick Mattson             Patrick Sieloff                                   40     1   2  2  

Penalty Kill 4 Players Forward 
   Center                   Wing                     Time % Phy DF OF 
 1 Carson Mcmillan          Mason Raymond            60     1   2  2  
 2 Spencer Machacek         Zac Rinaldo              40     1   2  2  

Penalty Kill 4 Players Defense
   Defense                  Defense                  Time % Phy DF OF 
 1 Dalton Prout             Jake McCabe              60     1   2  2  
 2 Nick Mattson             Patrick Sieloff          40     1   2  2  

Penalty Kill - 3 Players Forward 
   Forward                                           Time % Phy DF OF 
 1 Carson Mcmillan                                   60     1   2  2  
 2 Mason Raymond                                     40     1   2  2  

Penalty Kill - 3 Players Defense
   Defense                  Defense                  Time % Phy DF OF 
 1 Dalton Prout             Jake McCabe              60     1   2  2  
 2 Nick Mattson             Patrick Sieloff          40     1   2  2  

4 vs 4 Forward 
   Center                   Wing                     Time % Phy DF OF 
 1 Carson Mcmillan          Mason Raymond            60     1   2  2  
 2 Spencer Machacek         Zac Rinaldo              40     1   2  2  

4 vs 4 Defense
   Defense                  Defense                  Time % Phy DF OF 
 1 Dalton Prout             Jake McCabe              60     1   2  2  
 2 Nick Mattson             Patrick Sieloff          40     1   2  2  

Last Minutes Offensive
   Center                   Left Wing                Right Wing               Defense                  Defense                  
   Zac Rinaldo              Mason Raymond            Carson Mcmillan          Dalton Prout             Jake McCabe              

Last Minutes Defensive
   Center                   Left Wing                Right Wing               Defense                  Defense                  
   Zac Rinaldo              Mason Raymond            Carson Mcmillan          Dalton Prout             Jake McCabe              

Goaltenders
Starting : Mike Smith               
Backup : Martin Jones             

Extra Forwards
Normal : Mikhail Grigorenko, Brody Sutter, Rhett Rakhshani - PP : Mikhail Grigorenko, Brody Sutter - PK : Rhett Rakhshani
Extra Defensemen
Normal : Nicholas Walters, Patrick Sieloff, Dalton Prout - PP : Nicholas Walters - PK : Patrick Sieloff, Dalton Prout
Penalty Shots
Carson Mcmillan, Mason Raymond, Spencer Machacek, Zac Rinaldo, Juraj Mikus

Scratches
Brett Lebda (Healthy), Artur Gavrus (Healthy), Luke Witkowski (Healthy), Garret Sparks (Healthy)

Atomiques

5 vs 5 Forward 
   Center                   Left Wing                Right Wing               Time % Phy DF OF 
 1 Tyler Brenner            Kenndal McArdle          Ryan Shannon             40     1   2  2  
 2 Marc-André Cliche        Dwight King              Corey Tropp              30     1   2  2  
 3 Brett Sutter             Andrew Kozek             Bobby Farnham            20     1   2  2  
 4 Anthony Nigro            Brock McGinn             Mitch Callahan           10     1   2  2  

5 vs 5 Defense 
   Defense                  Defense                                           Time % Phy DF OF 
 1 Steve McCarthy           Davis Drewiske                                    40     1   2  2  
 2 Kyle Wharton             Jonas Junland                                     30     1   2  2  
 3 Shayne Gostisbehere      Colby Cohen                                       20     1   2  2  
 4 Eric Mestery             Eric Gustafsson                                   10     1   2  2  

PowerPlay Forward 
   Center                   Left Wing                Right Wing               Time % Phy DF OF 
 1 Tyler Brenner            Kenndal McArdle          Ryan Shannon             60     1   2  2  
 2 Marc-André Cliche        Dwight King              Corey Tropp              40     1   2  2  

PowerPlay Defense
   Defense                  Defense                                           Time % Phy DF OF 
 1 Steve McCarthy           Davis Drewiske                                    60     1   2  2  
 2 Kyle Wharton             Jonas Junland                                     40     1   2  2  

Penalty Kill 4 Players Forward 
   Center                   Wing                     Time % Phy DF OF 
 1 Tyler Brenner            Kenndal McArdle          60     1   2  2  
 2 Ryan Shannon             Dwight King              40     1   2  2  

Penalty Kill 4 Players Defense
   Defense                  Defense                  Time % Phy DF OF 
 1 Steve McCarthy           Davis Drewiske           60     1   2  2  
 2 Kyle Wharton             Jonas Junland            40     1   2  2  

Penalty Kill - 3 Players Forward 
   Forward                                           Time % Phy DF OF 
 1 Tyler Brenner                                     60     1   2  2  
 2 Kenndal McArdle                                   40     1   2  2  

Penalty Kill - 3 Players Defense
   Defense                  Defense                  Time % Phy DF OF 
 1 Steve McCarthy           Davis Drewiske           60     1   2  2  
 2 Kyle Wharton             Jonas Junland            40     1   2  2  

4 vs 4 Forward 
   Center                   Wing                     Time % Phy DF OF 
 1 Tyler Brenner            Kenndal McArdle          60     1   2  2  
 2 Ryan Shannon             Dwight King              40     1   2  2  

4 vs 4 Defense
   Defense                  Defense                  Time % Phy DF OF 
 1 Steve McCarthy           Davis Drewiske           60     1   2  2  
 2 Kyle Wharton             Jonas Junland            40     1   2  2  

Last Minutes Offensive
   Center                   Left Wing                Right Wing               Defense                  Defense                  
   Tyler Brenner            Kenndal McArdle          Ryan Shannon             Steve McCarthy           Davis Drewiske           

Last Minutes Defensive
   Center                   Left Wing                Right Wing               Defense                  Defense                  
   Tyler Brenner            Kenndal McArdle          Ryan Shannon             Steve McCarthy           Davis Drewiske           

Goaltenders
Starting : Sergei Bobrovsky         
Backup : Jeremy Smith             

Extra Forwards
Normal : Darren Kramer, Mike Halmo, Joseph Cramarossa - PP : Darren Kramer, Mike Halmo - PK : Joseph Cramarossa
Extra Defensemen
Normal : John Draeger, Fredrik Claesson, Shayne Gostisbehere - PP : John Draeger - PK : Fredrik Claesson, Shayne Gostisbehere
Penalty Shots
Tyler Brenner, Kenndal McArdle, Ryan Shannon, Dwight King, Andrew Kozek

Scratches
Max McCormick (Healthy), Andreas Engqvist (Right Eye Injury), Francois Tremblay (Healthy)

% Time on Ice - Saguenéens

Lines # - Real PCT - Wanted PCT - Time Play
Normal Forward
1 - 36% - 40% - 17:43
2 - 28% - 30% - 13:40
3 - 22% - 20% - 11:02
4 - 14% - 10% - 7:03
Normal Defense
1 - 35% - 40% - 17:06
2 - 31% - 30% - 15:15
3 - 24% - 20% - 12:02
4 - 10% - 10% - 5:05
PP Forward
1 - 68% - 60% - 2:41
2 - 32% - 40% - 1:17
PP Defense
1 - 28% - 60% - 1:07
2 - 72% - 40% - 2:51
PK Forward
1 - 79% - 60% - 5:10
2 - 21% - 40% - 1:24
PK Defense
1 - 75% - 60% - 4:54
2 - 25% - 40% - 1:40
PK3 Forward
1 - 0% - 60%
2 - 0% - 40%
PK3 Defense
1 - 0% - 60%
2 - 0% - 40%
44 Forward
1 - 0% - 60%
2 - 0% - 40%
44 Defense
1 - 0% - 60%
2 - 0% - 40%
Last Minute Offensive  - 0:00
Last Minute Defensive  - 0:00
Total
Forward - 60:00
Defense - 60:00

% Time on Ice - Atomiques

Lines # - Real PCT - Wanted PCT - Time Play
Normal Forward
1 - 33% - 40% - 16:26
2 - 31% - 30% - 15:34
3 - 20% - 20% - 10:07
4 - 15% - 10% - 7:21
Normal Defense
1 - 41% - 40% - 20:17
2 - 30% - 30% - 14:40
3 - 20% - 20% - 9:55
4 - 9% - 10% - 4:36
PP Forward
1 - 62% - 60% - 4:05
2 - 38% - 40% - 2:29
PP Defense
1 - 59% - 60% - 3:54
2 - 41% - 40% - 2:40
PK Forward
1 - 79% - 60% - 3:08
2 - 21% - 40% - 0:50
PK Defense
1 - 84% - 60% - 3:20
2 - 16% - 40% - 0:38
PK3 Forward
1 - 0% - 60%
2 - 0% - 40%
PK3 Defense
1 - 0% - 60%
2 - 0% - 40%
44 Forward
1 - 0% - 60%
2 - 0% - 40%
44 Defense
1 - 0% - 60%
2 - 0% - 40%
Last Minute Offensive  - 0:00
Last Minute Defensive  - 0:00
Total
Forward - 60:00
Defense - 60:00

Play by Play

1st period


0:01 of 1st period - Zac Rinaldo wins face-off versus Tyler Brenner in neutral zone.
0:08 of 1st period - Snap shot by Ryan Shannon.
0:08 of 1st period - Shot Blocked by Dalton Prout.
0:14 of 1st period - Wrist shot by Carson Mcmillan.
0:14 of 1st period - Shot Misses the Net.
0:16 of 1st period - Wrist shot by Carson Mcmillan.
0:16 of 1st period - Stopped by Sergei Bobrovsky with a rebound.
0:31 of 1st period - Corey Tropp is hit by Spencer Machacek and loses puck.
0:48 of 1st period - Snap shot by Craig Cunningham.
0:48 of 1st period - Shot Hit the Post.
0:50 of 1st period - Slapshot by Dalton Prout.
0:50 of 1st period - Deflect By Craig Cunningham.
0:50 of 1st period - Stopped by Sergei Bobrovsky with a rebound.
2:43 of 1st period - Davis Drewiske is hit by Patrick Sieloff and loses puck.
2:52 of 1st period - Snap shot by Henrik Samuelsson.
2:52 of 1st period - Shot Misses the Net.
3:02 of 1st period - Backhand shot by Kenndal McArdle.
3:02 of 1st period - Shot Misses the Net.
3:22 of 1st period - Wrist shot by Mason Raymond.
3:22 of 1st period - Stopped by Sergei Bobrovsky with a rebound.
4:30 of 1st period - Snap shot by Spencer Machacek.
4:30 of 1st period - Goal by Spencer Machacek - Saguenéens : 1 - Atomiques : 0.
4:31 of 1st period - Zac Rinaldo wins face-off versus Tyler Brenner in neutral zone.
5:05 of 1st period - Wrist shot by Kenndal McArdle.
5:05 of 1st period - Shot Blocked by Dalton Prout.
5:22 of 1st period - Off-side.
5:23 of 1st period - Brett Sutter wins face-off versus Tanner Richard in neutral zone.
5:45 of 1st period - Icing by Tanner Richard.
5:46 of 1st period - Zac Rinaldo wins face-off versus Tyler Brenner in Saguenéens zone.
5:46 of 1st period - Zac Rinaldo is hit by Ryan Shannon.
5:49 of 1st period - Icing by Carson Mcmillan.
5:50 of 1st period - Zac Rinaldo wins face-off versus Tyler Brenner in Saguenéens zone.
6:00 of 1st period - Wrist shot by Carson Mcmillan.
6:00 of 1st period - Shot Blocked by Tyler Brenner.
6:25 of 1st period - Slapshot by Carson Mcmillan.
6:25 of 1st period - Shot Misses the Net.
6:32 of 1st period - Icing by Shayne Gostisbehere.
6:33 of 1st period - Tyler Brenner wins face-off versus Juraj Mikus in Atomiques zone.
6:50 of 1st period - Snap shot by Kenndal McArdle.
6:50 of 1st period - Shot Blocked by Patrick Sieloff.
6:54 of 1st period - Wrist shot by Ryan Shannon.
6:54 of 1st period - Stopped by Mike Smith with a rebound.
6:56 of 1st period - Wrist shot by Ryan Shannon.
6:56 of 1st period - Shot Misses the Net.
7:10 of 1st period - Wrist shot by Kenndal McArdle.
7:10 of 1st period - Shot Blocked by Patrick Sieloff.
7:12 of 1st period - Snap shot by Tyler Brenner.
7:12 of 1st period - Shot Misses the Net.
7:14 of 1st period - Wrist shot by Tyler Brenner.
7:14 of 1st period - Stopped by Mike Smith with a rebound.
7:38 of 1st period - Wrist shot by Tyler Brenner.
7:38 of 1st period - Shot Misses the Net.
8:05 of 1st period - Snap shot by Carl Hagelin.
8:05 of 1st period - Deflect By Kenndal McArdle.
8:05 of 1st period - Shot Blocked by Shayne Gostisbehere.
8:05 of 1st period - Puck is out of play.
8:06 of 1st period - Marc-André Cliche wins face-off versus Zac Rinaldo in Atomiques zone.
8:11 of 1st period - Snap shot by Corey Tropp.
8:11 of 1st period - Stopped by Mike Smith with a rebound.
8:13 of 1st period - Backhand shot by Kyle Wharton.
8:13 of 1st period - Stopped by Mike Smith without a rebound.
8:14 of 1st period - Marc-André Cliche wins face-off versus Zac Rinaldo in Saguenéens zone.
8:50 of 1st period - Icing by Dalton Prout.
8:51 of 1st period - Marc-André Cliche wins face-off versus Rhett Rakhshani in Saguenéens zone.
8:54 of 1st period - Slapshot by Dwight King.
8:54 of 1st period - Stopped by Mike Smith with a rebound.
8:56 of 1st period - Snap shot by Dwight King.
8:56 of 1st period - Deflect By Corey Tropp.
8:56 of 1st period - Stopped by Mike Smith with a rebound.
8:58 of 1st period - Slapshot by Corey Tropp.
8:58 of 1st period - Stopped by Mike Smith with a rebound.
9:00 of 1st period - Snap shot by Davis Drewiske.
9:00 of 1st period - Shot Misses the Net.
9:02 of 1st period - Wrist shot by Dwight King.
9:02 of 1st period - Stopped by Mike Smith without a rebound.
9:03 of 1st period - Zac Rinaldo wins face-off versus Marc-André Cliche in Saguenéens zone.
9:03 of 1st period - Zac Rinaldo is hit by Dwight King.
9:56 of 1st period - Wrist shot by Craig Cunningham.
9:56 of 1st period - Shot Blocked by Jonas Junland.
9:58 of 1st period - Snap shot by Craig Cunningham.
9:58 of 1st period - Shot Misses the Net.
10:00 of 1st period - Snap shot by Craig Cunningham.
10:00 of 1st period - Shot Blocked by Brock McGinn.
10:02 of 1st period - Wrist shot by Tanner Richard.
10:02 of 1st period - Deflect By Craig Cunningham.
10:02 of 1st period - Shot Blocked by Kyle Wharton.
10:02 of 1st period - Puck is out of play.
10:03 of 1st period - Marc-André Cliche wins face-off versus Mason Raymond in Atomiques zone.
10:08 of 1st period - Wrist shot by Corey Tropp.
10:08 of 1st period - Shot Misses the Net.
10:14 of 1st period - Snap shot by Mason Raymond.
10:14 of 1st period - Stopped by Sergei Bobrovsky with a rebound.
10:16 of 1st period - Wrist shot by Dalton Prout.
10:16 of 1st period - Deflect By Steve McCarthy.
10:16 of 1st period - Stopped by Sergei Bobrovsky with a rebound.
10:18 of 1st period - Slapshot by Dalton Prout.
10:18 of 1st period - Deflect By Carson Mcmillan.
10:18 of 1st period - Stopped by Sergei Bobrovsky without a rebound.
10:19 of 1st period - Brett Sutter wins face-off versus Juraj Mikus in Atomiques zone.
10:30 of 1st period - Snap shot by Spencer Machacek.
10:30 of 1st period - Stopped by Sergei Bobrovsky with a rebound.
10:53 of 1st period - Snap shot by Dwight King.
10:53 of 1st period - Stopped by Mike Smith without a rebound.
10:54 of 1st period - Tanner Richard wins face-off versus Tyler Brenner in Saguenéens zone.
11:03 of 1st period - Slapshot by Ryan Shannon.
11:03 of 1st period - Deflect By Tyler Brenner.
11:03 of 1st period - Shot Misses the Net.
11:03 of 1st period - Puck is out of play.
11:04 of 1st period - Tyler Brenner wins face-off versus Tanner Richard in Saguenéens zone.
12:08 of 1st period - Dalton Prout is hit by Kyle Wharton and loses puck.
13:21 of 1st period - Snap shot by Craig Cunningham.
13:21 of 1st period - Stopped by Sergei Bobrovsky without a rebound.
13:22 of 1st period - Marc-André Cliche wins face-off versus Zac Rinaldo in Atomiques zone.
13:43 of 1st period - Minor Penalty to Dwight King for Hooking.
13:44 of 1st period - Zac Rinaldo wins face-off versus Andrew Kozek in Atomiques zone.
14:20 of 1st period - Andrew Kozek is hit by Zac Rinaldo and loses puck.
14:31 of 1st period - Mike Halmo is hit by Juraj Mikus.
15:43 of 1st period - Penalty to Dwight King is over, Dwight King is back on ice.
16:10 of 1st period - Off-side.
16:11 of 1st period - Zac Rinaldo wins face-off versus Anthony Nigro in neutral zone.
16:43 of 1st period - Slapshot by Shayne Gostisbehere.
16:43 of 1st period - Shot Blocked by Nick Mattson.
17:17 of 1st period - Slapshot by Teemu Pulkkinen.
17:17 of 1st period - Stopped by Sergei Bobrovsky with a rebound.
17:19 of 1st period - Slapshot by Jake McCabe.
17:19 of 1st period - Stopped by Sergei Bobrovsky with a rebound.
17:21 of 1st period - Wrist shot by Jerry D'Amigo.
17:21 of 1st period - Stopped by Sergei Bobrovsky without a rebound.
17:22 of 1st period - Zac Rinaldo wins face-off versus Marc-André Cliche in Atomiques zone.
17:23 of 1st period - Slapshot by Carson Mcmillan.
17:23 of 1st period - Shot Misses the Net.
17:25 of 1st period - Snap shot by Zac Rinaldo.
17:25 of 1st period - Shot Misses the Net.
17:27 of 1st period - Slapshot by Mason Raymond.
17:27 of 1st period - Shot Misses the Net.
18:51 of 1st period - Carl Hagelin is hit by Andrew Kozek and loses puck.
19:01 of 1st period - Icing by Carl Hagelin.
19:02 of 1st period - Tyler Brenner wins face-off versus Zac Rinaldo in Saguenéens zone.
Goals for this period are 1 for Saguenéens vs 0 for Atomiques.
Shots for this period are 12 for Saguenéens vs 9 for Atomiques.

2nd period


0:01 of 2nd period - Zac Rinaldo wins face-off versus Dwight King in neutral zone.
0:26 of 2nd period - Nick Mattson is hit by Davis Drewiske and loses puck.
0:33 of 2nd period - Snap shot by Brett Sutter.
0:33 of 2nd period - Stopped by Mike Smith with a rebound.
0:35 of 2nd period - Wrist shot by Kyle Wharton.
0:35 of 2nd period - Stopped by Mike Smith with a rebound.
0:37 of 2nd period - Wrist shot by Brett Sutter.
0:37 of 2nd period - Stopped by Mike Smith without a rebound.
0:38 of 2nd period - Zac Rinaldo wins face-off versus Kenndal McArdle in Saguenéens zone.
0:38 of 2nd period - Zac Rinaldo is hit by Kenndal McArdle.
0:50 of 2nd period - Wrist shot by Ryan Shannon.
0:50 of 2nd period - Shot Blocked by Dalton Prout.
0:54 of 2nd period - Snap shot by Kenndal McArdle.
0:54 of 2nd period - Shot Blocked by Mason Raymond.
1:01 of 2nd period - Icing by Dalton Prout.
1:02 of 2nd period - Juraj Mikus wins face-off versus Marc-André Cliche in Saguenéens zone.
1:09 of 2nd period - Wrist shot by Dwight King.
1:09 of 2nd period - Shot Blocked by Juraj Mikus.
1:40 of 2nd period - Snap shot by Brett Sutter.
1:40 of 2nd period - Goal by Brett Sutter - Saguenéens : 1 - Atomiques : 1.
1:41 of 2nd period - Marc-André Cliche wins face-off versus Zac Rinaldo in neutral zone.
1:56 of 2nd period - Mason Raymond is hit by Steve McCarthy and loses puck.
3:10 of 2nd period - Davis Drewiske is hit by Zac Rinaldo and loses puck.
3:17 of 2nd period - Wrist shot by Corey Tropp.
3:17 of 2nd period - Stopped by Mike Smith with a rebound.
3:31 of 2nd period - Andrew Kozek is hit by Spencer Machacek and loses puck.
3:36 of 2nd period - Slapshot by Juraj Mikus.
3:36 of 2nd period - Shot Misses the Net.
3:58 of 2nd period - Snap shot by Rhett Rakhshani.
3:58 of 2nd period - Stopped by Sergei Bobrovsky with a rebound.
4:01 of 2nd period - Icing by Kenndal McArdle.
4:02 of 2nd period - Tyler Brenner wins face-off versus Zac Rinaldo in Atomiques zone.
4:09 of 2nd period - Snap shot by Mason Raymond.
4:09 of 2nd period - Stopped by Sergei Bobrovsky with a rebound.
4:11 of 2nd period - Wrist shot by Zac Rinaldo.
4:11 of 2nd period - Shot Misses the Net.
4:13 of 2nd period - Slapshot by Zac Rinaldo.
4:13 of 2nd period - Shot Blocked by Jonas Junland.
4:15 of 2nd period - Snap shot by Carson Mcmillan.
4:15 of 2nd period - Stopped by Sergei Bobrovsky without a rebound.
4:16 of 2nd period - Marc-André Cliche wins face-off versus Juraj Mikus in Atomiques zone.
4:16 of 2nd period - Marc-André Cliche is hit by Spencer Machacek.
4:41 of 2nd period - Mason Raymond is hit by Tyler Brenner and loses puck.
5:56 of 2nd period - Slapshot by Dwight King.
5:56 of 2nd period - Shot Blocked by Patrick Sieloff.
6:13 of 2nd period - Corey Tropp is hit by Patrick Sieloff and loses puck.
6:18 of 2nd period - Slapshot by Mason Raymond.
6:18 of 2nd period - Shot Blocked by Kyle Wharton.
6:28 of 2nd period - Snap shot by Teemu Pulkkinen.
6:28 of 2nd period - Shot Blocked by Kyle Wharton.
6:38 of 2nd period - Snap shot by Teemu Pulkkinen.
6:38 of 2nd period - Stopped by Sergei Bobrovsky without a rebound.
6:39 of 2nd period - Tyler Brenner wins face-off versus Zac Rinaldo in Atomiques zone.
6:53 of 2nd period - Slapshot by Ryan Shannon.
6:53 of 2nd period - Shot Blocked by Mason Raymond.
6:55 of 2nd period - Slapshot by Steve McCarthy.
6:55 of 2nd period - Stopped by Mike Smith without a rebound.
6:56 of 2nd period - Brett Sutter wins face-off versus Juraj Mikus in Saguenéens zone.
6:57 of 2nd period - Backhand shot by Andrew Kozek.
6:57 of 2nd period - Deflect By Bobby Farnham.
6:57 of 2nd period - Stopped by Mike Smith with a rebound.
6:59 of 2nd period - Slapshot by Steve McCarthy.
6:59 of 2nd period - Stopped by Mike Smith without a rebound.
7:00 of 2nd period - Juraj Mikus wins face-off versus Brett Sutter in Saguenéens zone.
7:00 of 2nd period - Juraj Mikus is hit by Steve McCarthy.
7:40 of 2nd period - Snap shot by Carl Hagelin.
7:40 of 2nd period - Goal by Carl Hagelin - Saguenéens : 2 - Atomiques : 1.
7:41 of 2nd period - Zac Rinaldo wins face-off versus Tyler Brenner in neutral zone.
8:57 of 2nd period - Slapshot by Steve McCarthy.
8:57 of 2nd period - Stopped by Mike Smith without a rebound.
8:58 of 2nd period - Tyler Brenner wins face-off versus Zac Rinaldo in Saguenéens zone.
9:23 of 2nd period - Shayne Gostisbehere is hit by Carl Hagelin and loses puck.
9:31 of 2nd period - Wrist shot by Corey Tropp.
9:31 of 2nd period - Stopped by Mike Smith with a rebound.
9:33 of 2nd period - Slapshot by Eric Mestery.
9:33 of 2nd period - Stopped by Mike Smith without a rebound.
9:34 of 2nd period - Tyler Brenner wins face-off versus Juraj Mikus in Saguenéens zone.
9:35 of 2nd period - Snap shot by Ryan Shannon.
9:35 of 2nd period - Shot Misses the Net.
9:49 of 2nd period - Slapshot by Ryan Shannon.
9:49 of 2nd period - Shot Blocked by Patrick Sieloff.
9:58 of 2nd period - Icing by Juraj Mikus.
9:59 of 2nd period - Carson Mcmillan wins face-off versus Marc-André Cliche in Saguenéens zone.
10:48 of 2nd period - Wrist shot by Craig Cunningham.
10:48 of 2nd period - Shot Misses the Net.
10:50 of 2nd period - Wrist shot by Craig Cunningham.
10:50 of 2nd period - Stopped by Sergei Bobrovsky with a rebound.
10:52 of 2nd period - Snap shot by Craig Cunningham.
10:52 of 2nd period - Stopped by Sergei Bobrovsky with a rebound.
10:54 of 2nd period - Slapshot by Patrick Sieloff.
10:54 of 2nd period - Deflect By Brett Sutter.
10:54 of 2nd period - Stopped by Sergei Bobrovsky with a rebound.
11:30 of 2nd period - Snap shot by Marc-André Cliche.
11:30 of 2nd period - Stopped by Mike Smith with a rebound.
11:32 of 2nd period - Wrist shot by Dwight King.
11:32 of 2nd period - Stopped by Mike Smith without a rebound.
11:33 of 2nd period - Zac Rinaldo wins face-off versus Marc-André Cliche in Saguenéens zone.
11:42 of 2nd period - Zac Rinaldo is hit by Davis Drewiske.
11:50 of 2nd period - Wrist shot by Dwight King.
11:50 of 2nd period - Shot Misses the Net.
11:52 of 2nd period - Wrist shot by Corey Tropp.
11:52 of 2nd period - Goal by Corey Tropp - Saguenéens : 2 - Atomiques : 2.
11:53 of 2nd period - Tyler Brenner wins face-off versus Zac Rinaldo in neutral zone.
12:01 of 2nd period - Slapshot by Tyler Brenner.
12:01 of 2nd period - Shot Misses the Net.
12:03 of 2nd period - Snap shot by Kenndal McArdle.
12:03 of 2nd period - Shot Blocked by Dalton Prout.
12:42 of 2nd period - Snap shot by Henrik Samuelsson.
12:42 of 2nd period - Shot Blocked by Dwight King.
12:50 of 2nd period - Nick Mattson is hit by Marc-André Cliche and loses puck.
13:01 of 2nd period - Snap shot by Corey Tropp.
13:01 of 2nd period - Shot Misses the Net.
13:03 of 2nd period - Snap shot by Marc-André Cliche.
13:03 of 2nd period - Stopped by Mike Smith without a rebound.
13:04 of 2nd period - Tyler Brenner wins face-off versus Zac Rinaldo in Saguenéens zone.
13:05 of 2nd period - Wrist shot by Ryan Shannon.
13:05 of 2nd period - Shot Misses the Net.
13:07 of 2nd period - Snap shot by Tyler Brenner.
13:07 of 2nd period - Deflect By Ryan Shannon.
13:07 of 2nd period - Stopped by Mike Smith without a rebound.
13:08 of 2nd period - Zac Rinaldo wins face-off versus Tyler Brenner in Saguenéens zone.
13:54 of 2nd period - Snap shot by Tanner Richard.
13:54 of 2nd period - Shot Blocked by Colby Cohen.
14:04 of 2nd period - Slapshot by Tanner Richard.
14:04 of 2nd period - Stopped by Sergei Bobrovsky with a rebound.
14:16 of 2nd period - Slapshot by Dalton Prout.
14:16 of 2nd period - Stopped by Sergei Bobrovsky with a rebound.
14:18 of 2nd period - Wrist shot by Jerry D'Amigo.
14:18 of 2nd period - Deflect By Teemu Pulkkinen.
14:18 of 2nd period - Stopped by Sergei Bobrovsky without a rebound.
14:19 of 2nd period - Teemu Pulkkinen wins face-off versus Marc-André Cliche in Atomiques zone.
14:25 of 2nd period - Minor Penalty to Dwight King for Charging.
14:26 of 2nd period - Tyler Brenner wins face-off versus Zac Rinaldo in Atomiques zone.
14:42 of 2nd period - Wrist shot by Tyler Brenner.
14:42 of 2nd period - Stopped by Mike Smith without a rebound.
14:43 of 2nd period - Tyler Brenner wins face-off versus Juraj Mikus in Saguenéens zone.
16:10 of 2nd period - Snap shot by Mason Raymond.
16:10 of 2nd period - Shot Misses the Net.
16:12 of 2nd period - Wrist shot by Mason Raymond.
16:12 of 2nd period - Shot Blocked by Kenndal McArdle.
16:24 of 2nd period - Slapshot by Carson Mcmillan.
16:24 of 2nd period - Stopped by Sergei Bobrovsky without a rebound.
16:25 of 2nd period - Penalty to Dwight King is over, Dwight King is back on ice.
16:25 of 2nd period - Marc-André Cliche wins face-off versus Juraj Mikus in Atomiques zone.
16:37 of 2nd period - Slapshot by Dalton Prout.
16:37 of 2nd period - Shot Misses the Net.
16:40 of 2nd period - Icing by Colby Cohen.
16:41 of 2nd period - Dwight King wins face-off versus Tanner Richard in Atomiques zone.
16:41 of 2nd period - Dwight King is hit by Jake McCabe.
16:54 of 2nd period - Slapshot by Jake McCabe.
16:54 of 2nd period - Shot Blocked by Shayne Gostisbehere.
17:00 of 2nd period - Tanner Richard is hit by Marc-André Cliche and loses puck.
17:23 of 2nd period - Snap shot by Dwight King.
17:23 of 2nd period - Shot Blocked by Rhett Rakhshani.
17:39 of 2nd period - Icing by Craig Cunningham.
17:40 of 2nd period - Tyler Brenner wins face-off versus Tanner Richard in Saguenéens zone.
17:49 of 2nd period - Slapshot by Tyler Brenner.
17:49 of 2nd period - Shot Blocked by Jake McCabe.
17:51 of 2nd period - Snap shot by Tyler Brenner.
17:51 of 2nd period - Stopped by Mike Smith without a rebound.
17:52 of 2nd period - Zac Rinaldo wins face-off versus Tyler Brenner in Saguenéens zone.
17:52 of 2nd period - Zac Rinaldo is hit by Tyler Brenner.
18:02 of 2nd period - Snap shot by Mason Raymond.
18:02 of 2nd period - Stopped by Sergei Bobrovsky without a rebound.
18:03 of 2nd period - Zac Rinaldo wins face-off versus Tyler Brenner in Atomiques zone.
18:04 of 2nd period - Snap shot by Mason Raymond.
18:04 of 2nd period - Shot Blocked by Steve McCarthy.
18:19 of 2nd period - Off-side.
18:20 of 2nd period - Juraj Mikus wins face-off versus Brett Sutter in neutral zone.
18:33 of 2nd period - Snap shot by Juraj Mikus.
18:33 of 2nd period - Shot Misses the Net.
18:35 of 2nd period - Slapshot by Jake McCabe.
18:35 of 2nd period - Stopped by Sergei Bobrovsky with a rebound.
18:45 of 2nd period - Zac Rinaldo is hit by Kenndal McArdle and loses puck.
19:03 of 2nd period - Icing by Jake McCabe.
19:04 of 2nd period - Zac Rinaldo wins face-off versus Marc-André Cliche in Saguenéens zone.
19:04 of 2nd period - Zac Rinaldo is hit by Corey Tropp.
19:10 of 2nd period - Slapshot by Dwight King.
19:10 of 2nd period - Goal by Dwight King - Saguenéens : 2 - Atomiques : 3.
19:11 of 2nd period - Zac Rinaldo wins face-off versus Tyler Brenner in neutral zone.
19:13 of 2nd period - Minor Penalty to Zac Rinaldo for Tripping.
19:14 of 2nd period - Tyler Brenner wins face-off versus Carson Mcmillan in Saguenéens zone.
19:44 of 2nd period - Wrist shot by Davis Drewiske.
19:44 of 2nd period - Goal by Davis Drewiske - Saguenéens : 2 - Atomiques : 4.
19:45 of 2nd period - Zac Rinaldo wins face-off versus Tyler Brenner in neutral zone.
19:48 of 2nd period - Slapshot by Carson Mcmillan.
19:48 of 2nd period - Stopped by Sergei Bobrovsky without a rebound.
19:49 of 2nd period - Zac Rinaldo wins face-off versus Tyler Brenner in Atomiques zone.
19:54 of 2nd period - Wrist shot by Carson Mcmillan.
19:54 of 2nd period - Shot Misses the Net.
Goals for this period are 1 for Saguenéens vs 4 for Atomiques.
Shots for this period are 15 for Saguenéens vs 20 for Atomiques.

3rd period


0:01 of 3rd period - Tyler Brenner wins face-off versus Zac Rinaldo in neutral zone.
0:53 of 3rd period - Snap shot by Craig Cunningham.
0:53 of 3rd period - Stopped by Sergei Bobrovsky without a rebound.
0:54 of 3rd period - Zac Rinaldo wins face-off versus Marc-André Cliche in Atomiques zone.
1:28 of 3rd period - Snap shot by Ryan Shannon.
1:28 of 3rd period - Shot Blocked by Nicholas Walters.
1:48 of 3rd period - Juraj Mikus is hit by Steve McCarthy and loses puck.
1:55 of 3rd period - Slapshot by Nicholas Walters.
1:55 of 3rd period - Stopped by Sergei Bobrovsky with a rebound.
2:01 of 3rd period - Snap shot by Spencer Machacek.
2:01 of 3rd period - Shot Misses the Net.
2:03 of 3rd period - Snap shot by Juraj Mikus.
2:03 of 3rd period - Shot Misses the Net.
2:15 of 3rd period - Wrist shot by Juraj Mikus.
2:15 of 3rd period - Stopped by Sergei Bobrovsky without a rebound.
2:16 of 3rd period - Zac Rinaldo wins face-off versus Brett Sutter in Atomiques zone.
3:04 of 3rd period - Jake McCabe is hit by Colby Cohen and loses puck.
3:15 of 3rd period - Colby Cohen is hit by Jake McCabe and loses puck.
3:51 of 3rd period - Jerry D'Amigo is hit by Kyle Wharton.
4:14 of 3rd period - Wrist shot by Rhett Rakhshani.
4:14 of 3rd period - Deflect By Tanner Richard.
4:14 of 3rd period - Shot Misses the Net.
4:14 of 3rd period - Puck is out of play.
4:15 of 3rd period - Marc-André Cliche wins face-off versus Tanner Richard in Atomiques zone.
4:29 of 3rd period - Craig Cunningham is hit by Corey Tropp.
5:00 of 3rd period - Slapshot by Marc-André Cliche.
5:00 of 3rd period - Shot Blocked by Mason Raymond.
5:04 of 3rd period - Snap shot by Dwight King.
5:04 of 3rd period - Shot Misses the Net.
5:06 of 3rd period - Backhand shot by Steve McCarthy.
5:06 of 3rd period - Stopped by Mike Smith with a rebound.
5:38 of 3rd period - Wrist shot by Corey Tropp.
5:38 of 3rd period - Stopped by Mike Smith without a rebound.
5:39 of 3rd period - Juraj Mikus wins face-off versus Tyler Brenner in Saguenéens zone.
5:46 of 3rd period - Slapshot by Dalton Prout.
5:46 of 3rd period - Deflect By Juraj Mikus.
5:46 of 3rd period - Stopped by Sergei Bobrovsky without a rebound.
5:47 of 3rd period - Tyler Brenner wins face-off versus Juraj Mikus in Atomiques zone.
5:57 of 3rd period - Minor Penalty to Carl Hagelin for Cross-checking.
5:58 of 3rd period - Kenndal McArdle wins face-off versus Carson Mcmillan in Saguenéens zone.
6:07 of 3rd period - Slapshot by Kenndal McArdle.
6:07 of 3rd period - Stopped by Mike Smith without a rebound.
6:08 of 3rd period - Carson Mcmillan wins face-off versus Tyler Brenner in Saguenéens zone.
6:25 of 3rd period - Slapshot by Steve McCarthy.
6:25 of 3rd period - Goal by Steve McCarthy - Saguenéens : 2 - Atomiques : 5.
6:26 of 3rd period - Zac Rinaldo wins face-off versus Tyler Brenner in neutral zone.
6:35 of 3rd period - Backhand shot by Zac Rinaldo.
6:35 of 3rd period - Stopped by Sergei Bobrovsky with a rebound.
7:14 of 3rd period - Brett Sutter is hit by Patrick Sieloff and loses puck.
8:47 of 3rd period - Minor Penalty to Tanner Richard for Holding.
8:48 of 3rd period - Tyler Brenner wins face-off versus Carson Mcmillan in Saguenéens zone.
8:50 of 3rd period - Slapshot by Tyler Brenner.
8:50 of 3rd period - Shot Blocked by Mason Raymond.
8:58 of 3rd period - Snap shot by Ryan Shannon.
8:58 of 3rd period - Stopped by Mike Smith with a rebound.
9:00 of 3rd period - Wrist shot by Kenndal McArdle.
9:00 of 3rd period - Shot Blocked by Mason Raymond.
9:47 of 3rd period - Kyle Wharton is hit by Craig Cunningham and loses puck.
10:37 of 3rd period - Icing by Tyler Brenner.
10:38 of 3rd period - Rhett Rakhshani wins face-off versus Tyler Brenner in Atomiques zone.
10:47 of 3rd period - Penalty to Tanner Richard is over, Tanner Richard is back on ice.
11:27 of 3rd period - Snap shot by Brock McGinn.
11:27 of 3rd period - Shot Blocked by Spencer Machacek.
11:29 of 3rd period - Snap shot by Brock McGinn.
11:29 of 3rd period - Stopped by Mike Smith with a rebound.
12:16 of 3rd period - Minor Penalty to Dalton Prout for Hooking.
12:17 of 3rd period - Tyler Brenner wins face-off versus Carson Mcmillan in Saguenéens zone.
12:17 of 3rd period - Wrist shot by Kenndal McArdle.
12:17 of 3rd period - Shot Misses the Net.
14:16 of 3rd period - Penalty to Dalton Prout is over, Dalton Prout is back on ice.
14:25 of 3rd period - Wrist shot by Spencer Machacek.
14:25 of 3rd period - Stopped by Sergei Bobrovsky with a rebound.
14:27 of 3rd period - Wrist shot by Zac Rinaldo.
14:27 of 3rd period - Shot Misses the Net.
14:31 of 3rd period - Snap shot by Spencer Machacek.
14:31 of 3rd period - Deflect By Zac Rinaldo.
14:31 of 3rd period - Shot Blocked by Jonas Junland.
14:31 of 3rd period - Puck is out of play.
14:32 of 3rd period - Brett Sutter wins face-off versus Tanner Richard in Atomiques zone.
14:45 of 3rd period - Bobby Farnham is hit by Tanner Richard and loses puck.
15:44 of 3rd period - Juraj Mikus is hit by Andrew Kozek.
15:48 of 3rd period - Slapshot by Spencer Machacek.
15:48 of 3rd period - Deflect By Carl Hagelin.
15:48 of 3rd period - Shot Misses the Net.
15:48 of 3rd period - Puck is out of play.
15:49 of 3rd period - Zac Rinaldo wins face-off versus Mitch Callahan in Atomiques zone.
15:54 of 3rd period - Wrist shot by Mason Raymond.
15:54 of 3rd period - Deflect By Carson Mcmillan.
15:54 of 3rd period - Stopped by Sergei Bobrovsky without a rebound.
15:55 of 3rd period - Zac Rinaldo wins face-off versus Anthony Nigro in Atomiques zone.
16:10 of 3rd period - Snap shot by Anthony Nigro.
16:10 of 3rd period - Shot Blocked by Carson Mcmillan.
16:26 of 3rd period - Snap shot by Brock McGinn.
16:26 of 3rd period - Stopped by Mike Smith with a rebound.
16:28 of 3rd period - Snap shot by Anthony Nigro.
16:28 of 3rd period - Shot Blocked by Dalton Prout.
16:30 of 3rd period - Snap shot by Anthony Nigro.
16:30 of 3rd period - Stopped by Mike Smith with a rebound.
16:32 of 3rd period - Slapshot by Davis Drewiske.
16:32 of 3rd period - Stopped by Mike Smith with a rebound.
16:34 of 3rd period - Snap shot by Brock McGinn.
16:34 of 3rd period - Stopped by Mike Smith with a rebound.
16:38 of 3rd period - Slapshot by Brock McGinn.
16:38 of 3rd period - Goal by Brock McGinn - Saguenéens : 2 - Atomiques : 6.
16:39 of 3rd period - Kenndal McArdle wins face-off versus Juraj Mikus in neutral zone.
16:55 of 3rd period - Patrick Sieloff is hit by Ryan Shannon and loses puck.
17:31 of 3rd period - Jake McCabe is hit by Brett Sutter and loses puck.
17:53 of 3rd period - Wrist shot by Brock McGinn.
17:53 of 3rd period - Shot Misses the Net.
18:13 of 3rd period - Snap shot by Juraj Mikus.
18:13 of 3rd period - Deflect By Spencer Machacek.
18:13 of 3rd period - Shot Misses the Net.
18:13 of 3rd period - Puck is out of play.
18:14 of 3rd period - Tyler Brenner wins face-off versus Carson Mcmillan in Atomiques zone.
18:22 of 3rd period - Minor Penalty to Nick Mattson for Holding.
18:23 of 3rd period - Carson Mcmillan wins face-off versus Tyler Brenner in Saguenéens zone.
18:23 of 3rd period - Carson Mcmillan is hit by Ryan Shannon.
18:56 of 3rd period - Jake McCabe is hit by Jonas Junland and loses puck.
19:13 of 3rd period - Slapshot by Jake McCabe.
19:13 of 3rd period - Stopped by Sergei Bobrovsky without a rebound.
19:14 of 3rd period - Marc-André Cliche wins face-off versus Spencer Machacek in Atomiques zone.
Goals for this period are 0 for Saguenéens vs 2 for Atomiques.
Shots for this period are 8 for Saguenéens vs 11 for Atomiques.